cohdb
Replays
Latest Replays
All Replays
Popular Replays
Top Player Replays
Match Explorer
How It Works
Community
CoH3 Stats
Reddit
Sign in to upload your games and track your stats! →
Sign in with Steam
Match 45218828
Unlisted
Match 45218828
Overview
Messages
Build Orders
End
Pioneer Squad
Pioneer Squad
Construct Infanterie Kompanie
Grenadier Squad
MG 42 Machine Gun Team
Grenadier Squad
Medical Station
Construct Panzergrenadier Kompanie
Panzergrenadier Squad
Pak 40 Anti-tank Gun Team
Construct Panzer Kompanie
Infanterie Officer Quarters
MG 42 Machine Gun Team
Pak 40 Anti-tank Gun Team
Panzergrenadier Squad
Panzer IV Medium Tank
Pioneer Squad
Stoßtruppen Squad
Panzer IV Medium Tank
Panzer Officer Quarters
Panzergrenadier Officer Quarters
Support Elements
Selects Breakthrough Battlegroup
Selects Rapid Production
Selects Blitzkrieg
Blitzkrieg
Selects Assault Grenadiers
Selects Breakthrough
Selects Assault Grenadiers
Selects Smoke Bombing Run
Selects Incendiary Bombing Run
MG 42 Machine Gun Team
Panzer IV Medium Tank
jgl
SoF Ya Nos
0
0
Comments
sign in to comment!
No comments posted yet!